 Dungeon Sprint DCSS version 0.27-a0-550-ge92ec0ca06 (webtiles) character file.

Game seed: 11526312075930406607

14639 mhtbhm the Bludgeoner (level 12, -3/90 HPs)
             Began as a Kobold Berserker on Mar 7, 2021.
             Was the Champion of Trog.
             Slain by an earth elemental (29 damage)
             ... summoned by an earth elementalist statue
             ... in the Dungeon (Sprint III: "The Ten Rune Challenge").
             The game lasted 00:07:56 (3850 turns).

mhtbhm the Bludgeoner (Kobold Berserker)            Turns: 3850, Time: 00:07:56

Health: -3/90      AC:  5    Str: 19    XL:     12   Next: 47%
Magic:  12/12      EV: 21    Int:  9    God:    Trog [******]
Gold:   577        SH:  5    Dex: 14    Spells: 11/11 levels left

rFire    + . .     SeeInvis .   a - +5 eveningstar (flame)
rCold    + . .     Faith    .   (shield restricted)
rNeg     . . .     Spirit   .   b - +2 robe {rC+ rF+}
rPois    +         Reflect  +   v - +1 hat
rElec    .         Harm     .   (no cloak)
rCorr    .         Rampage  .   (no gloves)
Will     .....     Clarity  +   (no boots) Stlth ++++++....NoTele +
                                t - amulet of reflection
HPRegen  0.25/turn              w - ring of poison resistance
MPRegen  0.13/turn              (no ring)

@: berserk cooldown, slowed, very slow
A: small, clarity, mutation resistance 1, nightstalker 3
a: Renounce Religion, Berserk, Trog's Hand, Brothers in Arms


You were in the Dungeon.
You worshipped Trog.
Trog was exalted by your worship.
You visited 1 branch You collected 1593 gold pieces.
You spent 1016 gold pieces at shops.

Inventory:

Hand Weapons
 a - a +5 eveningstar of flaming (weapon)
 q - a +6 antimagic morningstar
Missiles
 p - 7 curare-tipped darts
Armour
 b - a +2 robe of resistance (worn)
 v - a +1 hat (worn)
Jewellery
 t - an amulet of reflection (around neck)
 w - a ring of poison resistance (left hand)
Scrolls
 h - a scroll of blinking
 i - a scroll of fear {unknown}
 j - 3 scrolls of identify
 l - a scroll of immolation {unknown}
 m - a scroll of holy word {unknown}
 r - a scroll of magic mapping
 s - a scroll of identify
 u - a scroll of fog
Potions
 c - 3 potions of curing
 d - 2 potions of heal wounds
 e - 2 potions of haste
 f - 2 potions of magic
 g - 4 potions of berserk rage
 k - a potion of mutation
 n - 2 potions of might
Miscellaneous
 o - a phial of floods


   Skills:
 + Level 16.6 Fighting
 + Level 17.7 Maces & Flails
 + Level 6.1 Armour
 + Level 13.1 Dodging
 + Level 13.9 Stealth
 + Level 0.1 Shields
 + Level 3.1 Evocations


You had 11 spell levels left.
You didn't know any spells.
Your spell library was empty.

Dungeon Overview and Level Annotations

Branches:
Dungeon (1/1)

Altars:
Cheibriados
Dithmenos
Elyvilon
Fedhas
Gozag
Hepliaklqana
Kikubaaqudgha
Makhleb
Nemelex Xobeh
Okawaru
Qazlal
Ru
Sif Muna
Trog
Uskayaw
Vehumet
Wu Jian
Xom
Yredelemnul
Zin
The Shining One
Beogh
Jiyva
Lugonu

Shops:
D :?==:?[!:[((

Annotations:
D exclusion: statue


Innate Abilities, Weirdness & Mutations

You are small and have problems with some larger weapons.
You are completely attuned to the shadows.
You possess an exceptional clarity of mind.
You are somewhat resistant to further mutation.


Message History

The earth elementalist statue is moderately damaged.
The earth elemental hits you.
The earth elementalist statue miscasts a cantrip.
The earth elemental closely misses you.
You puncture the earth elementalist statue!
The earth elementalist statue is moderately damaged.
The earth elemental completely misses you.
You hit the earth elementalist statue.
The earth elementalist statue is heavily damaged.
The earth elemental closely misses you.
The earth elementalist statue casts a cantrip, but nothing happens.
You barely miss the earth elementalist statue.
The earth elementalist statue is heavily damaged.
The earth elemental closely misses you.
The earth elementalist statue gestures.
Unknown command.
You hit the earth elementalist statue but do no damage.
The earth elementalist statue is heavily damaged.
The earth elemental hits you!
* * * LOW HITPOINT WARNING * * *
The earth elemental closely misses you.
You hit the earth elementalist statue.
The earth elementalist statue is heavily damaged.
You block the earth elemental's attack.
The earth elementalist statue looks braver for a moment.
The earth elemental closely misses you.
Unknown command.
You feel much better. The earth elemental misses you.
The earth elemental completely misses you.
Unknown command.
Your cyclops goes berserk!
The earth elemental completely misses you.
The earth elemental hits you!
* * * LOW HITPOINT WARNING * * *
The earth elemental misses you.
Unknown command.
You puncture the earth elementalist statue!
The earth elementalist statue is severely damaged.
The earth elemental hits you!!
You die...

#..........§§§§..#
#.........§§§§§§.#
###'############
##...## ##.....##
#.......#
+....)..+
#..8EEC.#
##.E@..## ##...##
##+##


You could see an earth elementalist statue, 3 earth elementals and a friendly
cyclops (summoned, berserk).

Vanquished Creatures
  Dowan (D)
  Erolcha (D)
  Urug (D)
  A deep elf knight (D)
  A lindwurm (D)
  4 deep elf pyromancers (D)
  An orange crystal statue (D)
  2 orc knights (D)
  A deep elf zephyrmancer (D)
  4 crystal guardians (D)
  3 statues (D)
  Duvessa (D)
  2 cane toads (D)
  A komodo dragon (D)
  A rime drake (D)
  An orc high priest (D)
  2 tyrant leeches (D)
  3 wandering mushrooms (D)
  A shadow (D)
  5 redbacks (D)
  A spatial vortex (D)
  A swamp drake (D)
  A necrophage (D)
  An orc warrior (D)
  5 two-headed ogres (D)
  A water elemental (D)
  4 orc priests (D)
  A jelly (D)
  Jessica (D)
  A wizard (D)
  A necromancer (D)
  A kobold demonologist (D)
  3 humans (D)
  An ooze (D)
  A phantom (D)
  6 orcs (D)
  A rat (D)
  A ballistomycete spore (D)
69 creatures vanquished.

Vanquished Creatures (collateral kills)
  An orc warrior (D)
  An orc priest (D)
  2 orc wizards (D)
  4 orcs (D)
8 creatures vanquished.

Vanquished Creatures (others)
  3 hydras (D)
  A hellion (D)
  10 plants (D)
14 creatures vanquished.

Grand Total: 91 creatures vanquished

Notes
Turn   | Place    | Note
-------+----------+-------------------------------------------
     0 | D        | mhtbhm the Kobold Berserker began the quest for the Orb.
     0 | D        | Reached XP level 1. HP: 14/14 MP: 1/1
     9 | D        | Reached skill level 3 in Maces & Flails
   162 | D        | Noticed Jessica
   168 | D        | Killed Jessica
   168 | D        | Reached ** piety under Trog
   169 | D        | Reached skill level 5 in Fighting
   169 | D        | Reached skill level 4 in Maces & Flails
   169 | D        | Reached XP level 2. HP: 17/21 MP: 2/2
   169 | D        | Reached XP level 3. HP: 22/26 MP: 3/3
   312 | D        | Reached XP level 4. HP: 32/32 MP: 4/4
   346 | D        | Killed an eight-headed hydra
   380 | D        | Reached skill level 5 in Maces & Flails
   394 | D        | Gained mutation: You are robust. (+10% HP) [potion of
                  | mutation]
   394 | D        | Gained mutation: You evolve. [potion of mutation]
   397 | D        | Lost mutation: You evolve. [potion of mutation]
   397 | D        | Lost mutation: You are robust. (+10% HP) [potion of
                  | mutation]
   397 | D        | Gained mutation: You are somewhat resistant to further
                  | mutation. [potion of mutation]
   397 | D        | Gained mutation: You possess an exceptional clarity of
                  | mind. [potion of mutation]
   449 | D        | Noticed a water elemental
   456 | D        | Killed a water elemental
   457 | D        | Reached skill level 6 in Maces & Flails
   457 | D        | Reached XP level 5. HP: 37/37 MP: 5/5
   533 | D        | Found a radiant altar of Vehumet.
   533 | D        | Found a shimmering blue altar of Sif Muna.
   533 | D        | Found an ancient bone altar of Kikubaaqudgha.
   536 | D        | Reached *** piety under Trog
   537 | D        | Noticed a soul eater
   543 | D        | Reached skill level 5 in Dodging
   784 | D        | Found a glowing silver altar of Zin.
   784 | D        | Found a glowing golden altar of the Shining One.
   784 | D        | Found a white marble altar of Elyvilon.
   785 | D        | Noticed a deep elf pyromancer
   794 | D        | Killed a deep elf pyromancer
   794 | D        | Reached **** piety under Trog
   795 | D        | Reached skill level 10 in Fighting
   795 | D        | Reached skill level 10 in Maces & Flails
   795 | D        | Reached XP level 6. HP: 48/48 MP: 6/6
   795 | D        | Reached XP level 7. HP: 52/52 MP: 7/7
   887 | D        | Found a hide-covered altar of Uskayaw.
   887 | D        | Found an iron altar of Okawaru.
   887 | D        | Found a bloodstained altar of Trog.
   887 | D        | Found an ornate altar of the Wu Jian Council.
   887 | D        | Noticed a human
   888 | D        | Noticed a human
   894 | D        | Killed a human
   895 | D        | Reached XP level 8. HP: 58/58 MP: 8/8
   902 | D        | Killed a human
   903 | D        | Reached skill level 11 in Maces & Flails
  1008 | D        | Found a basalt altar of Yredelemnul.
  1008 | D        | Found a shadowy altar of Dithmenos.
  1008 | D        | Found a sacrificial altar of Ru.
  1010 | D        | Reached ***** piety under Trog
  1068 | D        | Noticed a shadow
  1087 | D        | Received a gift from Trog
  1091 | D        | Killed a shadow
  1297 | D        | Found a blossoming altar of Fedhas.
  1297 | D        | Found a stormy altar of Qazlal.
  1297 | D        | Found a snail-covered altar of Cheibriados.
  1297 | D        | Found a burning altar of Makhleb.
  1297 | D        | Found a shimmering altar of Xom.
  1298 | D        | Found a hazy altar of Hepliaklqana.
  1298 | D        | Found an opulent altar of Gozag.
  1298 | D        | Found a sparkling altar of Nemelex Xobeh.
  1298 | D        | Found a corrupted altar of Lugonu.
  1298 | D        | Found a viscous altar of Jiyva.
  1408 | D        | Reached skill level 12 in Maces & Flails
  1408 | D        | Reached XP level 9. HP: 35/65 MP: 9/9
  1713 | D        | Noticed a two-headed ogre
  1725 | D        | Killed a two-headed ogre
  1726 | D        | Reached skill level 5 in Stealth
  1822 | D        | Noticed Erolcha
  1823 | D        | Noticed a two-headed ogre
  1830 | D        | Killed Erolcha
  1831 | D        | Reached skill level 13 in Maces & Flails
  1831 | D        | Reached skill level 10 in Dodging
  1840 | D        | Killed a two-headed ogre
  1841 | D        | Reached XP level 10. HP: 72/72 MP: 10/10
  2025 | D        | Received a gift from Trog
  2026 | D        | Reached skill level 14 in Maces & Flails
  2170 | D        | Noticed a cane toad
  2170 | D        | Noticed a komodo dragon
  2170 | D        | Noticed a cane toad
  2175 | D        | Killed a cane toad
  2180 | D        | Killed a cane toad
  2191 | D        | Killed a komodo dragon
  2290 | D        | Noticed a rime drake
  2292 | D        | Killed a rime drake
  2297 | D        | Reached skill level 5 in Armour
  2304 | D        | Killed a hellion
  2397 | D        | Received a gift from Trog
  2405 | D        | Reached ****** piety under Trog
  2406 | D        | Reached skill level 15 in Maces & Flails
  2653 | D        | Noticed a lindwurm
  2661 | D        | Killed a lindwurm
  2662 | D        | Reached XP level 11. HP: 25/80 MP: 11/11
  2931 | D        | Noticed Urug
  2935 | D        | Killed Urug
  2936 | D        | Reached skill level 10 in Stealth
  3015 | D        | Noticed Duvessa
  3016 | D        | Noticed Dowan
  3028 | D        | Killed Duvessa
  3028 | D        | Received a gift from Trog
  3032 | D        | Killed Dowan
  3033 | D        | Reached skill level 15 in Fighting
  3033 | D        | Reached skill level 16 in Maces & Flails
  3033 | D        | Reached skill level 1 in Evocations
  3078 | D        | Killed a six-headed hydra
  3130 | D        | Killed a five-headed hydra
  3133 | D        | Noticed an orc knight
  3138 | D        | Killed an orc knight
  3141 | D        | Received a gift from Trog
  3141 | D        | Noticed an orc knight
  3148 | D        | Found Viedopp's Book Boutique.
  3151 | D        | Killed an orc knight
  3157 | D        | Received a gift from Trog
  3363 | D        | Noticed a deep elf pyromancer
  3364 | D        | Noticed a deep elf pyromancer
  3364 | D        | Noticed a deep elf knight
  3365 | D        | Noticed a deep elf zephyrmancer
  3365 | D        | Noticed a deep elf pyromancer
  3380 | D        | Killed a deep elf knight
  3381 | D        | Killed a deep elf pyromancer
  3385 | D        | Killed a deep elf pyromancer
  3385 | D        | Received a gift from Trog
  3386 | D        | Reached XP level 12. HP: 76/88 MP: 12/12
  3390 | D        | Reached skill level 17 in Maces & Flails
  3502 | D        | Received a gift from Trog
  3677 | D        | Found Humun's Magic Scroll Emporium.
  3677 | D        | Found Vainep Xapty's Distillery.
  3677 | D        | Found Ralokoj's Antique Weapon Shoppe.
  3677 | D        | Found Appela's Book Boutique.
  3677 | D        | Found Xazomn's Antique Armour Emporium.
  3677 | D        | Found Kitamune's Weapon Shop.
  3678 | D        | Found Deusa's Jewellery Shoppe.
  3679 | D        | Found Rous's Jewellery Shop.
  3679 | D        | Found Moist's Antique Armour Emporium.
  3680 | D        | Found Omoy's Magic Scroll Emporium.
  3680 | D        | Found Myutet's Book Boutique.
  3715 | D        | Bought a scroll of magic mapping for 42 gold pieces
  3715 | D        | Bought a scroll of identify for 24 gold pieces
  3717 | D        | Bought an amulet of reflection for 360 gold pieces
  3724 | D        | Bought a scroll of fog for 26 gold pieces
  3725 | D        | Bought a potion of heal wounds for 70 gold pieces
  3725 | D        | Bought a potion of might for 56 gold pieces
  3725 | D        | Bought a potion of curing for 42 gold pieces
  3728 | D        | Bought an embroidered hat for 196 gold pieces
  3744 | D        | Bought a ring of poison resistance for 200 gold pieces
  3755 | D        | Noticed a crystal guardian
  3756 | D        | Noticed a crystal guardian
  3760 | D        | Killed a crystal guardian
  3763 | D        | Noticed a crystal guardian
  3764 | D        | Killed a crystal guardian
  3767 | D        | Killed a crystal guardian
  3768 | D        | Noticed a crystal guardian
  3774 | D        | Killed a crystal guardian
  3833 | D        | Received a gift from Trog
  3850 | D        | Slain by an earth elemental

Illustrated notes

Levels and vault maps discovered:
D:        dungeon_sprint_mu [sprint_mu_entry_forest, sprint_mu_temple_rooms,
          sprint_mu_d1_spiders, sprint_mu_d2_genie, sprint_mu_d3_branching,
          sprint_mu_orc_legion, sprint_mu_elf_gauntlet, sprint_mu_hive_nellie,
          sprint_mu_lair_fedhas, sprint_mu_vaults_butterflies,
          sprint_mu_slime_circle, sprint_mu_swamp_cave, sprint_mu_snake_twists,
          sprint_mu_blade_basic, sprint_mu_crypt_lich, sprint_mu_tomb_spiral,
          sprint_mu_vestibule_basic, sprint_mu_gehenna_hellfire,
          sprint_mu_dis_giant, sprint_mu_tartarus_statrot,
          sprint_mu_cocytus_islands, sprint_mu_zot1]

Skill      XL: |  1  2  3  4  5  6  7  8  9 10 11 12 |
---------------+-------------------------------------+-----
Fighting       | 5 6 10 11 12 14 15 16 | 16.6
Maces & Flails | 4 6 10 12 13 15 16 17 | 17.7
Armour         | 2 3 4 5 6 |  6.1
Dodging        | 3 4 7 8 10 11 12 13 | 13.1
Stealth        | 2 3 4 6 9 12 13 | 13.9
Evocations     | 2 3 |  3.1
Shields        | |  0.1

Action                   |  1- 3 |  4- 6 |  7- 9 | 10-12 || total
-------------------------+-------+-------+-------+-------++-------
Melee: Mace              |    20 |    18 |    83 |    14 ||   135
       Eveningstar       |       |       |       |   158 ||   158
Invok: Berserk           |     2 |     4 |     7 |    14 ||    27
       Brothers in Arms  |       |       |       |     2 ||     2
Evoke: Phial of floods   |       |       |       |     1 ||     1
  Use: Potion            |       |     2 |       |     1 ||     3
 Stab: Sleeping          |       |       |       |     7 ||     7
       Distracted        |       |       |       |     1 ||     1
Armor: Leather armour    |       |       |     3 |     1 ||     4
       Robe              |       |       |       |     2 ||     2
Dodge: Dodged            |    15 |     8 |    41 |    78 ||   142
Block: Other             |       |       |       |     3 ||     3

Table legend: (Time is in decaauts)
 A = Elapsed time spent in this place.
 B = Non-inter-level travel time spent in this place.
 C = Inter-level travel time spent in this place.
 D = Time resting spent in this place.
 E = Time spent auto-exploring this place.
 F = Levels seen in this place.
 G = Mean time per level.
                   A        B        C        D        E       F      G
               +--------+--------+--------+--------+--------+-----+--------+
         Total |   4041 |   4041 |      0 |   3030 |      0 |   1 | 4041.0 |
       Dungeon |   4041 |   4041 |      0 |   3030 |      0 |   1 | 4041.0 |
               +--------+--------+--------+--------+--------+-----+--------+

Top non-repeatable levels by time:
       D: 4041 daAuts
